 Dungeon Crawl Stone Soup version 0.31-a0-662-g684573625c (webtiles) character file.

Game seed: 17562887608007030965

13381 kae the Arsonist (level 12, -4/77 HPs)
             Began as a Tengu Fire Elementalist on Aug 31, 2023.
             Was a Follower of Vehumet.
             Slain by a death yak (9 damage)
             ... led by a torpor snail
             ... on level 2 of the Lair of Beasts.
             The game lasted 00:11:57 (16251 turns).

kae the Arsonist (Tengu Fire Elementalist)         Turns: 16251, Time: 00:11:58

Health: -4/77      AC:  3    Str:  9    XL:     12   Next: 5%
Magic:  22/22      EV: 20    Int: 26    God:    Vehumet [*.....]
Gold:   745        SH:  0    Dex: 15    Spells: 4/23 levels left

rFire   . . .        v - +4 trident (venom)
rCold   + . .        (no shield)
rNeg    . . .        a - +1 robe
rPois   .            (helmet restricted)
rElec   .            (no cloak)
rCorr   .            (no gloves)
SInv    .            (boots unavailable)
Will    .....        (no amulet)
Stlth   ++           I - +6 ring of intelligence
HPRegen 0.32/turn    C - ring of protection from cold
MPRegen 0.18/turn

%: acrobat
@: flying, slowed, very slow
A: beak, talons 3, evasive flight, acrobatic
a: Renounce Religion


You were on level 2 of the Lair of Beasts.
You worshipped Vehumet.
Vehumet was aware of your devotion.
You visited 3 branches of the dungeon, and saw 13 of its levels.
You also visited: Ossuary.

You collected 745 gold pieces.


Innate Abilities, Weirdness & Mutations

You have a beak for a mouth.
You have claws for feet.
Your magical flight helps you evade attacks. (EV +4)
You can magically evade attacks while moving or waiting.


   Skills:
 - Level 10.0 Fighting
 + Level 4.8 Armour
 - Level 8.0 Dodging
 - Level 2.0 Stealth
 - Level 6.1 Spellcasting
 * Level 8.8 Conjurations
 + Level 12.1 Fire Magic


You had 4 spell levels left.
You knew the following spells:

 Your Spells              Type           Power      Damage    Failure   Level
a - Foxfire               Conj/Fire      100%       2x1d9     1%          1
b - Scorch                Fire           100%       2d9       1%          2
c - Inner Flame           Hex/Fire       39%        N/A       1%          3
d - Flame Wave            Conj/Fire      58%        2d14      1%          4
e - Volatile Blastmotes   Fire/Tloc      78%        2d16      1%          3
f - Starburst             Conj/Fire      29%        6d9       14%         6

Your spell library contained the following spells:

 Spells                   Type           Power      Damage    Failure   Level
 Shock                    Conj/Air       100%       1d9       1%          1
 Static Discharge         Conj/Air       62%        2-5/arc   1%          2
 Dazzling Flash           Conj/Hex       62%        N/A       3%          3
 Ignite Poison            Fire/Tmut/Pois 28%        N/A       4%          3
 Necrotise                Necr           28%        1d5       7%          1
 Sting                    Tmut/Pois      28%        1d4       7%          1
 Cigotuvi's Dreadful Rot  Necr/Pois/Air  14%        N/A       11%         2
 Poisonous Vapours        Pois/Air       14%        N/A       11%         2
 Vampiric Draining        Necr           7%         2d6       21%         3
 Airstrike                Air            3%         2d(1-17)  56%         4
 Summon Lightning Spire   Summ/Air       7%         N/A       56%         4
 Freezing Cloud           Conj/Ice/Air   11%        6-21      50%         5
 Agony                    Necr           7%         N/A       88%         5
 Summon Cactus Giant      Summ           3%         N/A       100%        6
 Lehudib's Crystal Spear  Conj/Erth      15%        10d5      100%        8
 Maxwell's Capacitive Co  Air            3%         ∞         100%        8

Inventory:

Hand Weapons
 v - a +4 trident of venom (weapon)
   (You took it off an orc on level 4 of the Dungeon)
Missiles
 c - 30 poisoned darts
 d - 3 curare-tipped darts {=f}
 e - 61 stones
 i - 7 boomerangs
 o - 11 javelins
Armour
 a - a +1 robe (worn)
Magical Staves
 H - a staff of fire {!a}
   (You found it on level 1 of the Lair of Beasts)
Jewellery
 l - the ring "Soul" {rElec Int-5 Dex+3 SInv}
   (You found it on level 2 of the Dungeon)

   [ring of see invisible]

   Int-5:     It affects your intelligence (-5).
   Dex+3:     It affects your dexterity (+3).
   rElec:     It insulates you from electricity.
   SInv:      It lets you see invisible.
 A - an amulet of the acrobat
   (You found it on level 7 of the Dungeon)
 C - a ring of protection from cold (right hand)
   (You found it on level 1 of the Dungeon)
 I - a +6 ring of intelligence (left hand)
   (You found it on level 4 of the Dungeon)
 L - a ring of flight
   (You found it on level 5 of the Dungeon)
Wands
 w - a wand of flame (28)
   (You found it on level 7 of the Dungeon)
Scrolls
 g - 4 scrolls of fog
 k - 4 scrolls of identify {@r1}
 m - 5 scrolls of enchant armour
 p - a scroll of enchant weapon
 r - 3 scrolls of vulnerability {!r!r}
 y - 3 scrolls of poison {!r}
 z - a scroll of fear
 B - a scroll of revelation
 D - 2 scrolls of blinking {!r}
 E - a scroll of teleportation {@r4}
 F - a scroll of immolation {!r!r}
Potions
 b - a potion of magic
 f - 5 potions of curing {@q1}
 h - 7 potions of degeneration {!q}
 j - 2 potions of berserk rage {!q}
 n - 4 potions of attraction {!q}
 q - 2 potions of heal wounds {@q2}
 s - 2 potions of resistance
 t - 3 potions of haste {@q3}
 x - 3 potions of mutation {!q}
 G - a potion of invisibility

Dungeon Overview and Level Annotations

Branches:
Dungeon (10/15) Zot: 24832  Temple (1/1) D:4 Zot: 5995    Lair (2/5) D:8 Zot: 9848
    Orc (0/2) D:9         Ossuary (visited)
  Swamp: Lair:2-3    Shoals: Lair:2-3     Snake: Lair:2-3    Spider: Lair:2-3

Altars:
Ashenzari
Cheibriados
Dithmenos
Elyvilon
Fedhas
Gozag
Hepliaklqana
Kikubaaqudgha
Makhleb
Nemelex Xobeh
Okawaru
Qazlal
Ru
Sif Muna
Trog
Uskayaw
Vehumet
Wu Jian
Xom
Yredelemnul
Zin
The Shining One

Shops:
D:1 (   D:6 !

Annotations:
D:6 2 transporters
D:9 1 exclusion

..........#†........
...........†<†......
.............†......
#......#.........
#................
#................
#............P.#.
#................
#........@.P####.
##.......Yw.##
#..........##
####..........#
#P............#
...............###
.................#
.................#
...>.................


You could see a death yak and a torpor snail.


Message History

A death yak is nearby!
Casting: Flame Wave (dangerous; 1% risk of failure)
Confirm with . or Enter, or press ? or * to list all spells.
You conjure some foxfire!
The death yak bellows!
The foxfire hits the death yak but does no damage. 😎 MP[-1]
You lost 1 mp, and now have 21/22 mp.
Casting: Foxfire (safe; 1% risk of failure)
Confirm with . or Enter, or press ? or * to list all spells.
You conjure some foxfire!
The foxfire hits the death yak but does no damage.
A torpor snail comes into view.
Being near the torpor snail leaves you feeling lethargic.
The foxfire hits the death yak but does no damage. x2 😎 MP[-1]
You lost 1 mp, and now have 20/22 mp. 😎 MP[+1]
You feel yourself speed up.
The death yak attacks as it pursues you!
The death yak completely misses you.
Casting: Foxfire (safe; 1% risk of failure)
Confirm with . or Enter, or press ? or * to list all spells.
Flames lash the death yak but do no damage.
The death yak gores you!!
The death yak completely misses you. 😮 HP[-26] MP[-1]
You take 26 damage, and now have 51/77 hp.
MASSIVE DAMAGE!! (PAUSE)
You lost 1 mp, and now have 20/22 mp.
Okay, then.
Being near the torpor snail leaves you feeling lethargic.
Aiming: Charm
Press: ? - help, Shift-Dir - straight line, f - death yak
Aim: a death yak (chance to affect: 1%)
The death yak resists with almost no effort.
The death yak gores you!
* * * LOW HITPOINT WARNING * * *
The death yak gores you.
* * * LOW HITPOINT WARNING * * *
😨 HP[-18]
You take 18 damage, and now have 33/77 hp.
MASSIVE DAMAGE!! (PAUSE) Unknown command.
Aiming: Charm
Press: ? - help, Shift-Dir - straight line, f/p - death yak
Aim: a death yak (chance to affect: 1%)
The death yak resists with almost no effort.
The death yak completely misses you. 😨 MP[+1]
Aiming: Charm
Press: ? - help, Shift-Dir - straight line, f/p - death yak
Aim: a death yak (chance to affect: 1%)
The death yak resists with almost no effort.
The death yak closely misses you.
The death yak barely misses you. 😨 HP[+1]
Aiming: Charm
Press: ? - help, Shift-Dir - straight line, f/p - death yak
Aim: a death yak (chance to affect: 1%)
The death yak resists with almost no effort.
The death yak closely misses you.
Aiming: Charm
Press: ? - help, Shift-Dir - straight line, f/p - death yak
Aim: a death yak (chance to affect: 1%)
The death yak resists with almost no effort.
The death yak gores you.
* * * LOW HITPOINT WARNING * * *
😨 HP[-3]
You take 3 damage, and now have 31/77 hp.
Aiming: Charm
Press: ? - help, Shift-Dir - straight line, f/p - death yak
Aim: a death yak (chance to affect: 1%)
The torpor snail resists with almost no effort. 😨 MP[+1]
Your mp is fully restored (22).
Aiming: Charm
Press: ? - help, Shift-Dir - straight line, f/p - death yak
Aim: a death yak (chance to affect: 1%)
The death yak resists with almost no effort.
The death yak gores you!
* * * LOW HITPOINT WARNING * * *
The torpor snail misses you. The death yak gores you.
* * * LOW HITPOINT WARNING * * *
😨 HP[-7]
You take 7 damage, and now have 24/77 hp.
Aiming: Charm
Press: ? - help, Shift-Dir - straight line, f/p - death yak
Aim: a death yak (chance to affect: 1%)
The death yak resists with almost no effort.
The death yak closely misses you. The torpor snail bites you!!
* * * LOW HITPOINT WARNING * * *
😱 HP[-20]
You take 20 damage, and now have 4/77 hp.
MASSIVE DAMAGE!! (PAUSE)
Aiming: Charm
Press: ? - help, Shift-Dir - straight line, f/p - death yak
Aim: a death yak (chance to affect: 1%)
The death yak resists with almost no effort.
The now-empty wand crumbles to dust.
The death yak gores you!
You die...

Skill      XL: |  1  2  3  4  5  6  7  8  9 10 11 |
---------------+----------------------------------+-----
Conjurations   | 2 3 4 5 7 8 |  8.8
Fire Magic     | 4 5 6 7 9 10 12 | 12.1
Spellcasting   | 3 4 5 6 |  6.1
Fighting       | 2 6 10 | 10.0
Dodging        | 3 7 8 |  8.0
Armour         | 4 |  4.8
Stealth        | |  2.0

Action                     |  1- 3 |  4- 6 |  7- 9 | 10-12 || total
---------------------------+-------+-------+-------+-------++-------
  Melee: Unarmed           |     9 |       |       |       ||     9
         Kick              |     3 |       |    12 |     7 ||    22
         Peck              |     3 |       |     3 |     3 ||     9
         Punch             |     1 |       |       |       ||     1
         Trident           |       |       |    40 |    26 ||    66
   Cast: Foxfire           |    85 |    71 |   119 |   149 ||   424
         Scorch            |     3 |    29 |    59 |    74 ||   165
         Volatile Blastmot |       |       |     4 |     2 ||     6
         Flame Wave        |       |       |     5 |    30 ||    35
         Starburst         |       |       |     1 |       ||     1
         Inner Flame       |       |       |       |     5 ||     5
  Evoke: Wand              |       |       |       |    12 ||    12
    Use: Scroll            |       |     7 |    12 |     5 ||    24
         Potion            |       |       |     2 |       ||     2
   Stab: Sleeping          |       |       |     1 |       ||     1
 Armour: Robe              |    11 |    18 |    53 |   110 ||   192
  Dodge: Dodged            |    24 |    36 |   106 |   344 ||   510

Levels and vault maps discovered:
D:1:      amcnicky_arrival_blooded_trapdoor, layout_basic, serial_shops,
          nicolae_shop_statue_plus, chequers_serial_rivers_small_a,
          chequers_serial_rivers_micro_a, kennysheep_crisscross
D:2:      layout_basic
D:3:      minmay_razor_zed, layout_basic, general_overflow_altar,
          hellmonk_ecumenical_altar_pennies_from_heaven
D:4:      layout_basic, nicolae_wu_jian_wuxing_cycle,
          makhleb_blood_cavern_becter, minmay_temple_entry_overgrown,
          amcnicky_mini_pool_small
D:5:      layout_loops_corners, uniq_edmund
D:6:      layout_basic, lemuel_coloured_pillars_altar, serial_shops,
          nicolae_shop_drivethru
D:7:      layout_gridville, mainiacjoe_overflow_alcove_2,
          mainiacjoe_overflow_catch_the_wave
D:8:      layout_cave_pods, erik_lair_island, chequers_ossuary_entry_cave,
          serial_bayou_lake_a
D:9:      layout_basic, orc_0_dummy, hangedman_ranch
D:10:     layout_basic, nicolae_dithmenos_the_darkroom, special_room
          [special_room_orc], chequers_serial_rivers_marsh,
          minmay_misc_feat_square, minivault_25, uniq_josephine
Temple:   eino_temple_lava
Lair:1:   beast_lair_carwin_large_3, layout_gridlike, grunt_megastairs_3
Lair:2:   gammafunk_lair_enchanted_lake, layout_chaotic_city, uniq_maggie

Notes
Turn   | Place    | Note
-------+----------+-------------------------------------------
     0 | D:1      | kae the Tengu Fire Elementalist began the quest for the
                  | Orb.
     0 | D:1      | Reached XP level 1. HP: 10/10 MP: 4/4
     0 | D:1      | magus.rc [v1.11.3]
   225 | D:1      | Reached XP level 2. HP: 15/15 MP: 3/6
   260 | D:1      | Found Datiesm's Weapon Shoppe.
   434 | D:1      | You add the spells Cigotuvi's Dreadful Rot, Ignite Poison
                  | and Freezing Cloud to your library.
   758 | D:1      | Reached skill level 2 in Conjurations
  1008 | D:2      | Learned a level 2 spell: Scorch
  1230 | D:2      | Reached skill level 4 in Fire Magic
  1230 | D:2      | Reached XP level 3. HP: 19/19 MP: 4/7
  1321 | D:2      | Identified the ring "Soul" {rElec Int-5 Dex+3 SInv}
  1610 | D:2      | Reached XP level 4. HP: 24/24 MP: 1/8
  2021 | D:3      | Learned a level 3 spell: Inner Flame
  2095 | D:3      | Reached skill level 3 in Conjurations
  2179 | D:3      | You pick up a book of Spectacle and begin reading...
  2179 | D:3      | You add the spells Dazzling Flash, Starburst and Maxwell's
                  | Capacitive Coupling to your library.
  2184 | D:3      | Found a faded altar of an unknown god.
  2538 | D:3      | Reached XP level 5. HP: 28/28 MP: 7/10
  2688 | D:3      | You pick up a book of Storms and begin reading...
  2688 | D:3      | You add the spells Static Discharge, Airstrike and Summon
                  | Lightning Spire to your library.
  2734 | D:3      | Reached skill level 5 in Fire Magic
  2805 | D:3      | Reached skill level 3 in Spellcasting
  3075 | D:3      | Found a blossoming altar of Fedhas.
  3353 | D:4      | Reached XP level 6. HP: 13/32 MP: 0/11
  3538 | D:4      | Reached skill level 4 in Conjurations
  3544 | D:4      | HP: 8/32 [poisoned by a scorpion]
  3984 | D:4      | Reached skill level 6 in Fire Magic
  4072 | D:4      | Found a burning altar of Makhleb.
  4146 | D:4      | Found an ornate altar of the Wu Jian Council.
  4214 | D:4      | Gained mutation: Your magical flight helps you evade
                  | attacks. (EV +4) [Tengu growth]
  4214 | D:4      | Reached XP level 7. HP: 36/36 MP: 10/13
  4232 | D:4      | HP: 7/36 [poisoned by an orc]
  4393 | D:4      | Found a staircase to the Ecumenical Temple.
  4402 | Temple   | Entered the Ecumenical Temple
  4504 | D:5      | Entered Level 5 of the Dungeon
  4689 | D:4      | Learned a level 4 spell: Flame Wave
  4693 | D:4      | Learned a level 3 spell: Volatile Blastmotes
  4765 | D:4      | HP: 9/36 [scorpion (5)]
  4766 | D:4      | HP: 4/36 [poisoned by a scorpion]
  4890 | D:5      | HP: 4/36 [orc priest/divine providence (14)]
  4893 | D:4      | HP: 1/36 [orc/+0 short sword (4)]
  5032 | D:5      | Reached skill level 4 in Spellcasting
  5032 | D:5      | Reached skill level 5 in Conjurations
  5133 | D:5      | Noticed Edmund
  5300 | D:5      | Reached skill level 7 in Fire Magic
  6218 | D:5      | Killed Edmund
  6451 | D:6      | Reached XP level 8. HP: 41/41 MP: 10/15
  6582 | D:6      | Reached skill level 6 in Conjurations
  6582 | D:6      | Reached skill level 8 in Fire Magic
  6753 | D:6      | Found a transporter.
  6762 | D:6      | Found Meehiwki's Distillery.
  7132 | D:6      | Found a radiant altar of Vehumet.
  7302 | D:6      | Found a transporter.
  7453 | D:7      | Reached skill level 5 in Spellcasting
  7463 | D:7      | Reached skill level 9 in Fire Magic
  7597 | D:7      | Reached skill level 7 in Conjurations
  7658 | D:7      | Found a glowing silver altar of Zin.
  7840 | D:7      | Found a hide-covered altar of Uskayaw.
  7867 | D:7      | Reached XP level 9. HP: 45/45 MP: 16/18
  8135 | D:7      | You add the spells Sting, Poisonous Vapours and Lehudib's
                  | Crystal Spear to your library.
  8135 | D:7      | Got the Omnibus of the Viridian Ground
  8226 | D:7      | Noticed a hornet
  8292 | D:7      | Learned a level 6 spell: Starburst
  8342 | D:7      | Killed a hornet
  8343 | D:7      | Reached skill level 10 in Fire Magic
  8497 | D:7      | Found an iron altar of Okawaru.
  8764 | D:8      | Reached skill level 8 in Conjurations
  8770 | D:8      | Reached skill level 6 in Spellcasting
  8782 | D:8      | HP: 5/45 [electric eel/bolt of electricity (16)]
  8805 | D:8      | Found a sand-covered staircase.
  8904 | Ossuary  | Entered an ossuary
  9218 | D:8      | Noticed a troll
  9225 | D:8      | Killed a troll
  9226 | D:8      | Reached skill level 1 in Fighting
  9226 | D:8      | Reached skill level 3 in Dodging
  9232 | D:8      | HP: 5/48 [electric eel/bolt of electricity (11)]
  9336 | D:8      | Reached skill level 2 in Fighting
  9431 | D:8      | Found a staircase to the Lair.
  9645 | D:8      | Reached XP level 10. HP: 55/55 MP: 17/20
  9684 | D:8      | Reached skill level 3 in Fighting
  9684 | D:8      | Reached skill level 4 in Dodging
  9684 | D:8      | Reached skill level 11 in Fire Magic
 10464 | D:9      | Found a staircase to the Orcish Mines.
 10483 | D:9      | Noticed a gargoyle
 10500 | D:9      | Killed a gargoyle
 10500 | D:9      | HP: 7/56 [spore (15)]
 10501 | D:9      | Reached skill level 4 in Fighting
 10501 | D:9      | Reached skill level 5 in Dodging
 10994 | D:9      | You pick up a book of Necromancy and begin reading...
 10994 | D:9      | You add the spells Necrotise, Vampiric Draining and Agony
                  | to your library.
 11106 | D:9      | Reached skill level 5 in Fighting
 11106 | D:9      | Reached skill level 6 in Dodging
 11209 | D:9      | You pick up a book of Scorching and begin reading...
 11496 | D:9      | Reached skill level 12 in Fire Magic
 11757 | D:9      | Noticed a three-headed hydra
 11779 | D:9      | Reached skill level 6 in Fighting
 11779 | D:9      | Reached skill level 7 in Dodging
 11972 | D:10     | Entered Level 10 of the Dungeon
 12027 | D:10     | Reached XP level 11. HP: 64/64 MP: 13/21
 12046 | D:10     | HP: 15/66 [orc warrior/+0 long sword (5)]
 12286 | D:10     | Noticed Josephine
 12295 | D:10     | Killed Josephine
 12296 | D:10     | Reached skill level 7 in Fighting
 12296 | D:10     | Reached skill level 8 in Dodging
 12296 | D:10     | HP: 16/67 [poisoned by Josephine]
 12996 | D:6      | Became a worshipper of Vehumet
 13234 | D:10     | Reached skill level 8 in Fighting
 13577 | D:10     | Found a shadowy altar of Dithmenos.
 13695 | D:10     | HP: 8/68 [orc warrior/+0 dire flail (22)]
 14110 | Lair:1   | Entered Level 1 of the Lair of Beasts
 14268 | Lair:1   | Reached skill level 9 in Fighting
 14371 | Lair:1   | Reached * piety under Vehumet
 14371 | Lair:1   | Offered knowledge of Shock by Vehumet.
 14745 | Lair:1   | Reached skill level 10 in Fighting
 14760 | Lair:1   | HP: 14/72 [shot self (6)]
 14764 | Lair:1   | Reached skill level 2 in Armour
 14765 | Lair:1   | HP: 9/72 [poisoned by a cane toad]
 15054 | Lair:1   | Reached skill level 3 in Armour
 15413 | Lair:1   | HP: 17/72 [poisoned by a black mamba]
 15414 | Lair:1   | Reached skill level 4 in Armour
 15418 | Lair:1   | HP: 9/72 [poisoned by a black mamba]
 16057 | Lair:2   | Reached XP level 12. HP: 77/77 MP: 11/22
 16230 | Lair:2   | Noticed a death yak
 16250 | Lair:2   | HP: 4/77 [torpor snail (20)]
 16251 | Lair:2   | Slain by a death yak

Vanquished Creatures
  Josephine (D:10)
  A black mamba (Lair:1)
  5 cane toads
  A gargoyle (D:9)
  A komodo dragon (Lair:1)
  3 trolls
  A hornet (D:7)
  A polar bear (Lair:2)
  2 dream sheep (D:9)
  5 wraiths (D:10)
  3 yaks (D:9)
  A basilisk (Lair:1)
  2 wyverns
  Edmund (D:5)
  5 water moccasins
  8 orc warriors
  2 ice beasts
  A sky beast (D:7)
  A black bear (Lair:1)
  2 ogres
  2 centaurs
  19 wolves
  5 kobold brigands
  11 bullfrogs
  3 scorpions
  7 wights
  11 killer bees (D:9)
  8 electric eels (D:8)
  9 hounds
  8 orc priests
  A jelly (D:7)
  3 sleepcaps
  3 iguanas
  14 orc wizards
  3 mummies (Ossuary)
  10 adders
  A shadow imp (D:7)
  3 ufetubi
  3 dart slugs
  63 orcs
  9 ball pythons
  8 endoplasms
  4 giant cockroaches
  7 goblins
  8 hobgoblins
  4 jackals (D:2)
  19 kobolds
  2 quokkas
  8 bats
  4 frilled lizards
  5 goblin zombies (Ossuary)
  5 hobgoblin zombies (Ossuary)
  5 kobold zombies (Ossuary)
  7 rats
  3 rat zombies (Ossuary)
332 creatures vanquished.

Vanquished Creatures (collateral kills)
  A foxfire (D:8)
1 creature vanquished.

Vanquished Creatures (others)
  727 foxfires
727 creatures vanquished.

Grand Total: 1060 creatures vanquished

Table legend:
 A = Non-vault XP
 B = Vault XP
 C = Vault XP percentage of total XP
 D = Non-vault monster count
 E = Vault monster count
 F = Vault count percentage of total count
                 A         B        C        D         E       F
            +---------+---------+-------+---------+---------+-------
      Total |   13074 |    6042 |  31.6 |     245 |      87 |  26.2
            +---------+---------+-------+---------+---------+-------
        D:1 |      24 |       0 |   0.0 |      16 |       0 |   0.0
        D:2 |      85 |       0 |   0.0 |      22 |       0 |   0.0
        D:3 |     125 |      13 |   9.4 |      23 |       8 |  25.8
        D:4 |     514 |      40 |   7.2 |      27 |       1 |   3.6
        D:5 |     165 |     154 |  48.3 |      13 |       1 |   7.1
        D:6 |     615 |       0 |   0.0 |      11 |       0 |   0.0
        D:7 |    1468 |       0 |   0.0 |      31 |       0 |   0.0
        D:8 |    1580 |     766 |  32.7 |      35 |       7 |  16.7
        D:9 |    2704 |     777 |  22.3 |      28 |       5 |  15.2
       D:10 |    1028 |    2622 |  71.8 |      15 |      31 |  67.4
     Lair:1 |    3538 |    1595 |  31.1 |      17 |      13 |  43.3
     Lair:2 |    1228 |       0 |   0.0 |       7 |       0 |   0.0
    Ossuary |       0 |      75 | 100.0 |       0 |      21 | 100.0
            +---------+---------+-------+---------+---------+-------

Skill      XL: |  1  2  3  4  5  6  7  8  9 10 11 |
---------------+----------------------------------+-----
Conjurations   | 2 3 4 5 7 8 |  8.8
Fire Magic     | 4 5 6 7 9 10 12 | 12.1
Spellcasting   | 3 4 5 6 |  6.1
Fighting       | 2 6 10 | 10.0
Dodging        | 3 7 8 |  8.0
Armour         | 4 |  4.8
Stealth        | |  2.0

Action                     |  1- 3 |  4- 6 |  7- 9 | 10-12 || total
---------------------------+-------+-------+-------+-------++-------
  Melee: Unarmed           |     9 |       |       |       ||     9
         Kick              |     3 |       |    12 |     7 ||    22
         Peck              |     3 |       |     3 |     3 ||     9
         Punch             |     1 |       |       |       ||     1
         Trident           |       |       |    40 |    26 ||    66
   Cast: Foxfire           |    85 |    71 |   119 |   149 ||   424
         Scorch            |     3 |    29 |    59 |    74 ||   165
         Volatile Blastmot |       |       |     4 |     2 ||     6
         Flame Wave        |       |       |     5 |    30 ||    35
         Starburst         |       |       |     1 |       ||     1
         Inner Flame       |       |       |       |     5 ||     5
  Evoke: Wand              |       |       |       |    12 ||    12
    Use: Scroll            |       |     7 |    12 |     5 ||    24
         Potion            |       |       |     2 |       ||     2
   Stab: Sleeping          |       |       |     1 |       ||     1
 Armour: Robe              |    11 |    18 |    53 |   110 ||   192
  Dodge: Dodged            |    24 |    36 |   106 |   344 ||   510

Illustrated notes

Table legend:
 A = Kills in this place as a percentage of kills in the entire game.
 B = Kills by you in this place as a percentage of kills by you in the entire game.
 C = Kills by friends in this place as a percentage of kills by friends in the entire game.
 D = Other kills in this place as a percentage of other kills in the entire game.
 E = Experience gained in this place as a percentage of experience gained in the entire game.
 F = Experience gained in this place divided by the number of levels of this place that you have seen.
                   A       B       C       D       E      F
               +-------+-------+-------+-------+-------+----------------------
         Total | 100.0 | 100.0 |   N/A |   N/A | 100.0 | 1365.4
       Dungeon |  82.5 |  82.5 |   N/A |   N/A |  66.3 | 1268.0
          Lair |  11.1 |  11.1 |   N/A |   N/A |  33.3 | 3180.5
       Ossuary |   6.3 |   6.3 |   N/A |   N/A |   0.4 |  75.0
               +-------+-------+-------+-------+-------+----------------------

Table legend: (Time is in decaauts)
 A = Elapsed time spent in this place.
 B = Non-inter-level travel time spent in this place.
 C = Inter-level travel time spent in this place.
 D = Time resting spent in this place.
 E = Time spent auto-exploring this place.
 F = Levels seen in this place.
 G = Mean time per level.
                   A        B        C        D        E       F      G
               +--------+--------+--------+--------+--------+-----+--------+
         Total |  16315 |  15390 |    925 |    693 |  12497 |  14 | 1165.4 |
       Dungeon |  13871 |  12975 |    896 |    647 |  10479 |  10 | 1387.1 |
        Temple |      4 |      3 |      1 |      0 |      0 |   1 |    4.0 |
          Lair |   2150 |   2123 |     27 |     25 |   1832 |   2 | 1075.0 |
       Ossuary |    289 |    289 |      0 |     21 |    186 |   1 |  289.0 |
               +--------+--------+--------+--------+--------+-----+--------+

Top non-repeatable levels by time:
  Lair:1: 2013 daAuts
    D:10: 1714 daAuts
     D:9: 1675 daAuts
     D:4: 1644 daAuts
     D:8: 1549 daAuts
     D:5: 1371 daAuts
     D:7: 1364 daAuts
     D:3: 1361 daAuts
     D:6: 1171 daAuts
     D:2: 1011 daAuts
     D:1: 1007 daAuts
 Ossuary: 289 daAuts
  Lair:2: 137 daAuts
  Temple: 4 daAuts
